 Dungeon Crawl Stone Soup version 0.21-a0-426-g98080a9 (webtiles) character file.

123 GoodRolls the Conjurer (level 5, 0/28 HPs)
             Began as a Tengu Fire Elementalist on Nov 7, 2017.
             Killed from afar by Terence (11 damage)
             ... with a wand of flame (?/48)
             ... on level 2 of the Dungeon.
             The game lasted 00:06:48 (3831 turns).

GoodRolls the Conjurer (Tengu Fire Elementalist)    Turns: 3831, Time: 00:06:49

Health: 0/28       AC:  2    Str:  8    XL:     5   Next: 7%
Magic:  6/10       EV: 13    Int: 16    God:
Gold:   160        SH:  0    Dex: 15    Spells: 1/10 levels left

rFire    . . .     SeeInvis .   m - +0 spear
rCold    . . .     Gourm    .   (no shield)
rNeg     . . .     Faith    .   a - +0 robe
rPois    .         Spirit   .   (helmet restricted)
rElec    .         Reflect  .   (no cloak)
rCorr    .         Harm     .   (no gloves)
MR       .....                  (boots unavailable)
Stlth    ++........             (no amulet)
HPRegen  0.09/turn              (no ring)
MPRegen  0.12/turn              (no ring)

@: about to teleport, very slightly contaminated
A: beak, talons 3, able to fly 1
a: Fly


You were on level 2 of the Dungeon.
You were not hungry.

You visited 1 branch of the dungeon, and saw 3 of its levels.

You collected 160 gold pieces.

Inventory:

Hand Weapons
 m - a +0 spear (weapon)
Armour
 a - a +0 robe (worn)
Jewellery
 d - an uncursed ring of resist corrosion {unknown}
 j - an uncursed ring of resist corrosion {unknown}
 k - an uncursed amulet of faith
Scrolls
 n - a scroll of magic mapping
 p - 2 scrolls of teleportation
 s - a scroll of blinking
Potions
 e - a potion of lignification {unknown}
 h - a potion of agility
 i - a potion of curing {unknown}
 r - a potion of heal wounds {unknown}
Books
 b - a book of Flames

   Spells                             Type                      Level
   a - Flame Tongue                   Conjuration/Fire             1
   b - Throw Flame                    Conjuration/Fire             2
   c - Conjure Flame                  Conjuration/Fire             3
   d - Inner Flame                    Hexes/Fire                   3
   e - Sticky Flame                   Conjuration/Fire             4
   f - Fireball                       Conjuration/Fire             5
Comestibles
 c - 2 bread rations
 f - a meat ration
 g - 2 royal jellies
 o - 3 fruits


   Skills:
 - Level 2.1 Dodging
 - Level 2.0 Stealth
 + Level 3.0 Spellcasting
 - Level 5.3 Conjurations
 - Level 3.2 Fire Magic


You had one spell level left.
You knew the following spells:

 Your Spells              Type           Power        Failure   Level  Hunger
a - Flame Tongue          Conj/Fire      ###..        3%          1    #......
b - Throw Flame           Conj/Fire      ###...       4%          2    ##.....
c - Conjure Flame         Conj/Fire      ###.....     10%         3    ###....
d - Inner Flame           Hex/Fire       #.......     28%         3    ###....


Dungeon Overview and Level Annotations

Branches:
Dungeon (3/15)

Altars:
Yredelemnul

Annotations:
D:2 Terence


Innate Abilities, Weirdness & Mutations

You have a beak for a mouth.
You have claws for feet.
You can fly.


Message History

You see here a short sword of protection.
There is a stone staircase leading up here.
Terence closely misses you.
You climb upwards.
There is a stone staircase leading down, spattered with blood here.
You see here a stone.
Casting: Flame Tongue
Confirm with . or Enter, or press ? or * to list all spells.
Aiming: Flame Tongue
Press: ? - help, Shift-Dir - straight line, f - Terence
Aim: Terence, wielding a flail, wearing a ring mail and carrying a wand of flame (?/48) {zapped: 7} The flame tongue hits Terence.
Terence is lightly wounded.
Terence zaps a wand.
The puff of flame hits you! Terence shouts, "Now you die!"
Terence hits you with a flail.
As you read the scroll of teleportation, it crumbles to dust.
You feel strangely unstable. Terence misses you.
Terence zaps a wand.
The puff of flame hits you!
You die...

#.###########.#.###.........#.#
#.# #.#..##.####....#.# #.#
########.##.##.#######.#.# #.#
#........##..........#.#.###
#.#
#........##..........#......
#.#
#........##..........###.###
#.####........###.#.####### #.#
#.............#.......# #.#
######..)....##.@.....# #.# ..#
#..รท....##..(....# #.### ..#
#.......##.@.....# #.#.. ..#
#.......##....(..# #.##. ..#
##########....>..# #.##. ..###
#....(..# #.##. ....# #.......#
#.... ..#.# #.......# #####
..#.# #.....(.#


You could see Terence.

Vanquished Creatures
  A worker ant (D:2)
  5 adders
  An ooze (D:1)
  A dart slug (D:2)
  A worm (D:2)
  3 leopard geckos
  2 orcs (D:3)
  A giant cockroach (D:2)
  4 goblins
  8 hobgoblins
  2 kobolds
  5 bats
  A frilled lizard (D:2)
  9 rats
44 creatures vanquished.

Notes
Turn   | Place    | Note
-------+----------+-------------------------------------------
     0 | D:1      | GoodRolls the Tengu Fire Elementalist began the quest for the Orb.
     0 | D:1      | Reached XP level 1. HP: 10/10 MP: 4/4
   111 | D:1      | Reached skill level 2 in Conjurations
   305 | D:1      | Noticed a troll
   457 | D:1      | Reached skill level 3 in Conjurations
   457 | D:1      | Reached XP level 2. HP: 15/15 MP: 3/6
  1262 | D:1      | Learned a level 2 spell: Throw Flame
  1381 | D:2      | Found a basalt altar of Yredelemnul.
  1391 | D:2      | Reached XP level 3. HP: 19/19 MP: 4/7
  1406 | D:2      | Learned a level 3 spell: Conjure Flame
  1448 | D:2      | Reached skill level 4 in Conjurations
  2196 | D:2      | Reached skill level 5 in Conjurations
  2196 | D:2      | Reached XP level 4. HP: 24/24 MP: 3/8
  3066 | D:3      | Gained mutation: You can fly. [Tengu growth]
  3066 | D:3      | Reached XP level 5. HP: 28/28 MP: 6/10
  3148 | D:3      | Noticed Terence
  3185 | D:3      | HP: 1/28 [Terence/wand of flame (?/48) (4)]
  3489 | D:2      | Learned a level 3 spell: Inner Flame
  3831 | D:2      | Killed from afar by Terence

Vault maps used:
D:1:      erik_arrival_cave_to_civilisation
D:2:      nicolae_overflow_crystal_walls, first_bread
D:3:      supply_closet_lemuel, uniq_grinder, uniq_terence

Skill      XL: |  1  2  3  4  5 |
---------------+----------------+-----
Conjurations   | 3 5 |  5.3
Spellcasting   | 3 |  3.0
Dodging        | |  2.1
Stealth        | |  2.0
Fire Magic     | |  3.2

Action                   |  1- 3 |  4- 6 || total
-------------------------+-------+-------++-------
Melee: Unarmed           |    24 |       ||    24
       Kick              |     8 |     2 ||    10
       Spear             |    36 |    13 ||    49
       Peck              |     2 |       ||     2
 Cast: Flame Tongue      |    36 |    28 ||    64
       Throw Flame       |     1 |     7 ||     8
       Conjure Flame     |     1 |     7 ||     8
  Use: Scroll            |     5 |     5 ||    10
 Stab: Distracted        |       |     2 ||     2
       Sleeping          |       |     1 ||     1
  Eat: Chunk             |     5 |     5 ||    10
       Fruit             |       |     1 ||     1
Armor: Robe              |     8 |     5 ||    13
Dodge: Dodged            |    43 |     5 ||    48

Table legend:
 A = Spawn XP
 B = Non-spawn XP
 C = Spawn XP percentage of total XP
 D = Spawn monster count
 E = Non-spawn monster count
 F = Spawn count percentage of total count
 G = Total turns spent on level
                    A         B        C        D         E        F      G
               +---------+---------+-------+---------+---------+-------+---------
         Total |       0 |     176 |   0.0 |       0 |      44 |   0.0 |  3831
               +---------+---------+-------+---------+---------+-------+---------
           D:1 |       0 |      33 |   0.0 |       0 |      15 |   0.0 |  1355
           D:2 |       0 |     115 |   0.0 |       0 |      21 |   0.0 |  2196
           D:3 |       0 |      28 |   0.0 |       0 |       8 |   0.0 |   280
               +---------+---------+-------+---------+---------+-------+---------
